 Dungeon Crawl Stone Soup version 0.28.0-47-ge53b351184 (webtiles) character file.

Game seed: 12976061262274977650

3962 RatsInWalls the Skirmisher (level 10, -6/79 HPs)
             Began as a Human Cinder Acolyte on May 10, 2022.
             Was an Initiate of Ashenzari.
             Mangled by a fire elemental (8 damage)
             ... created by the fiery vengeance of Ignis
             ... on level 7 of the Dungeon.
             The game lasted 00:26:01 (12662 turns).

RatsInWalls the Skirmisher (Human Cinder Acolyte)  Turns: 12662, Time: 00:26:02

Health: -6/79      AC:  9    Str: 17    XL:     10   Next: 45%
Magic:  0/20       EV: 12    Int: 14    God:    Ashenzari [......]
Gold:   478        SH:  0    Dex: 11    Spells: 20/22 levels left

rFire   . . .      SeeInvis .   H - +0 scimitar
rCold   . . .      Faith    .   (no shield)
rNeg    . . .      Spirit   +   g - +0 ring mail
rPois   .          Reflect  .   (no helmet)
rElec   .          Harm     .   B - scarf {repulsion}
rCorr   .          Rampage  .   C - +2 pair of gloves
Will    .....                   (no boots)
Stlth   +.........              b - amulet of guardian spirit
HPRegen 0.23/turn               e - ring of wizardry
MPRegen 0.17/turn               (no ring)

@: hasted, repel missiles, fire susceptible, very quick
A: no striking features
a: Renounce Religion


You were on level 7 of the Dungeon.
You worshipped Ashenzari.
Ashenzari was noncommittal.
You visited 2 branches of the dungeon, and saw 9 of its levels.

You collected 478 gold pieces.

Inventory:

Hand Weapons
 a - a -1 falchion of flaming
 H - a +0 scimitar (weapon)
Missiles
 i - 28 poisoned darts
 n - 95 stones (quivered)
 p - a throwing net
 q - 5 silver boomerangs
Armour
 g - a +0 ring mail (worn)
 h - a +0 plate armour
 B - a scarf of repulsion (worn)
 C - a +2 pair of gloves (worn)
Jewellery
 b - an amulet of guardian spirit (around neck)
 e - a ring of wizardry (left hand)
Wands
 j - a wand of digging (8)
 A - a wand of flame (7)
 F - a wand of iceblast (13)
Scrolls
 c - 2 scrolls of noise {unknown}
 d - a scroll of magic mapping {unknown}
 l - a scroll of amnesia {unknown}
 m - a scroll of summoning {unknown}
 t - a scroll of fear {unknown}
 u - a scroll of vulnerability {unknown}
 v - 2 scrolls of blinking {unknown}
 E - a scroll of immolation {unknown}
 G - a scroll of torment {unknown}
Potions
 f - 3 potions of brilliance
 k - a potion of lignification
 o - 2 potions of attraction
 r - a potion of curing {unknown}
 s - 2 potions of invisibility
 w - a potion of degeneration {unknown}
 x - a potion of berserk rage {unknown}
 z - a potion of might


   Skills:
 + Level 7.3 Fighting
 + Level 7.2 Long Blades
 - Level 4.0 Armour
 + Level 4.7 Dodging
 + Level 6.8 Spellcasting
 - Level 3.0 Fire Magic
 + Level 4.6 Evocations


You had 20 spell levels left.
You knew the following spells:

 Your Spells              Type           Power      Damage    Failure   Level
a - Scorch                Fire           26%        2d6       4%          2

Your spell library contained the following spells:

 Spells                   Type           Power      Damage    Failure   Level
 Ensorcelled Hibernation  Hex/Ice        8%         N/A       16%         2
 Spider Form              Tmut/Pois      4%         N/A       28%         3
 Anguish                  Hex/Necr       2%         N/A       65%         4
 Hailstorm                Conj/Ice       4%         3d4       65%         4
 Ice Form                 Ice/Tmut       4%         N/A       65%         4
 Simulacrum               Ice/Necr       2%         N/A       100%        6


Dungeon Overview and Level Annotations

Branches:
Dungeon (8/15)             Temple (1/1) D:6
   Lair: D:8-11

Altars:
Ashenzari
Cheibriados
Hepliaklqana
Makhleb
Ru
Sif Muna
Uskayaw
Yredelemnul

Shops:
D:4 [


Message History

Things that are here:
a +0 scimitar; a +0 plate armour
H - a +0 scimitar Your -1 falchion of flaming stops flaming.
H - a +0 scimitar (weapon)
Unknown command.
You drop a +0 glaive.
You start resting. "My hands, my teeth, my burning tears: these will never betray me!" 2 fire elementals come into view.
Unknown command.
You hit the fire elemental but do no damage.
You hit the fire elemental but do no damage.
The fire elemental hits you. The fire elemental burns you!
The fire elemental hits you. The fire elemental burns you!
The fire elemental hits you. The fire elemental burns you!
The fire elemental closely misses you.
Aiming: Iceblast
Press: ? - help, Shift-Dir - straight line, f - fire elemental
Aim: a fire elemental (durably summoned) That beam is likely to hit you.
Continue anyway?
The mass of ice explodes!
The iceblast engulfs the fire elemental.
The fire elemental is frozen!
The fire elemental is lightly damaged.
The iceblast engulfs you!
* * * LOW HITPOINT WARNING * * *
The iceblast engulfs the fire elemental!
The fire elemental is frozen!
The fire elemental is moderately damaged.
The fire elemental hits you. The fire elemental burns you!
* * * LOW HITPOINT WARNING * * *
The fire elemental hits you. The fire elemental burns you!
* * * LOW HITPOINT WARNING * * *
Unknown command.
Okay, then.
The fire elemental closely misses you.
It was a potion of haste.
You feel yourself speed up. The fire elemental hits you.
The fire elemental burns you!
You die...

### ##.#### ## ####.###.# #. ###
##### #...## #.## ## ##.# #.#.#
##..# #..#####. #.## ##..# #.##
#........ ##.## ##.### #.##
##.......#
....######...######..###........#
.......##..>.○EE@...............#
.##..........°°####..............
.####........### ##...##....##..
.[#####.(....# #..###..####.†
#..###.)....○# #..#.....##...
##....##.....## ##............#
#...####..[.°#####...........#..
###...###...........##......####.
...#....#..........###......# #.


You could see 2 fire elementals.

Vanquished Creatures
  Pikel (D:5)
  A troll (D:8)
  Sigmund (D:3)
  4 water moccasins
  Pargi (D:3)
  2 orc warriors
  A black bear (D:6)
  A hornet zombie (D:7)
  A sky beast (D:6)
  3 necrophages
  3 ogres (D:4)
  A centaur (D:7)
  A phantom (D:6)
  4 lemures (D:4)
  2 kobold brigands
  3 bullfrogs
  A scorpion (D:4)
  A water moccasin skeleton (D:5)
  4 howler monkeys
  A jelly (D:7)
  5 hounds
  5 orc priests
  A bullfrog skeleton (D:5)
  2 centaur skeletons
  A gnoll shaman (D:7)
  Jessica (D:3)
  2 orc wizards
  2 iguanas
  6 gnolls
  9 adders
  A shadow imp (D:6)
  2 ufetubi
  An adder skeleton (D:4)
  An adder zombie (D:5)
  2 worms
  3 dart slugs
  40 orcs
  5 ball pythons
  3 bats
  5 endoplasms
  3 giant cockroaches (D:4)
  7 goblins
  7 hobgoblins
  2 jackals (D:1)
  19 kobolds
  3 quokkas
  5 frilled lizards
  5 rats
185 creatures vanquished.

Vanquished Creatures (others)
  28 foxfires
  A fungus (D:2)
  A plant (D:2)
30 creatures vanquished.

Grand Total: 215 creatures vanquished

Notes
Turn   | Place    | Note
-------+----------+-------------------------------------------
     0 | D:1      | RatsInWalls the Human Cinder Acolyte began the quest for
                  | the Orb.
     0 | D:1      | Reached XP level 1. HP: 18/18 MP: 2/2
   165 | D:1      | Reached XP level 2. HP: 24/24 MP: 3/3
   565 | D:1      | Reached skill level 1 in Armour
   737 | D:1      | Reached XP level 3. HP: 20/29 MP: 5/5
  1718 | D:2      | Found a faded altar of an unknown god.
  2110 | D:2      | Reached XP level 4. HP: 30/35 MP: 6/6
  2780 | D:3      | Noticed Sigmund
  2784 | D:3      | Noticed Jessica
  2827 | D:3      | Killed Jessica
  2830 | D:3      | Killed Sigmund
  2831 | D:3      | Reached XP level 5. HP: 35/42 MP: 6/9
  2831 | D:3      | Reached XP level 6. HP: 40/48 MP: 6/10
  2845 | D:3      | Noticed Pargi
  2851 | D:3      | Killed Pargi
  2856 | D:3      | Learned a level 2 spell: Scorch
  3245 | D:3      | Reached XP level 7. HP: 55/55 MP: 4/11
  4948 | D:4      | Found Puger's Antique Armour Emporium.
  5002 | D:4      | Reached skill level 5 in Fighting
  5002 | D:4      | Reached skill level 5 in Long Blades
  5002 | D:4      | Reached XP level 8. HP: 47/62 MP: 1/13
  6156 | D:5      | Entered Level 5 of the Dungeon
  6379 | D:5      | Reached skill level 1 in Dodging
  6559 | D:4      | Reached skill level 1 in Evocations
  6977 | D:5      | Found a snail-covered altar of Cheibriados.
  7004 | D:5      | Found a broken altar of Ashenzari.
  7005 | D:5      | Found a basalt altar of Yredelemnul.
  7042 | D:5      | Noticed Pikel
  7216 | D:5      | Killed Pikel
  7217 | D:5      | Reached skill level 5 in Spellcasting
  7217 | D:5      | Reached XP level 9. HP: 64/69 MP: 1/17
  7477 | D:6      | Found a staircase to the Ecumenical Temple.
  7617 | D:6      | Found a sacrificial altar of Ru.
  8443 | Temple   | Entered the Ecumenical Temple
  9308 | D:7      | Reached XP level 10. HP: 77/77 MP: 12/19
 12000 | D:5      | Fell from the grace of Ignis
 12000 | D:5      | Became a worshipper of Ashenzari the Shackled
 12659 | D:7      | HP: 1/79 [fire elemental[the fiery vengeance of Ignis] (7)]
 12662 | D:7      | Mangled by a fire elemental

Illustrated notes

Levels and vault maps discovered:
D:1:      amcnicky_arrival_abandoned_market, layout_loops_corners
D:2:      layout_loops_cross, dreamdust_ecumenical_altar_grove
D:3:      layout_loops_cross, dk_noncrumbling_3, uniq_jessica, uniq_sigmund,
          uniq_pargi
D:4:      layout_layer_cave, serial_shops, shop, mrwooster_statue_mirror
D:5:      layout_cave_pools, minitemple, hangedman_abyss_or_decor_slice,
          ebering_dispersal_statue_hall, uniq_pikel
D:6:      layout_rooms, marbit_many_paths, minmay_temple_entry_glass,
          kennysheep_generic_room_4
D:7:      layout_layer_cave, grunt_ministairs_4
D:8:      layout_cave_pools, lemuel_coloured_pillars_altar, special_room
          [special_room_orc]
Temple:   zaba_magenta_temple

Skill      XL: |  1  2  3  4  5  6  7  8  9 10 |
---------------+-------------------------------+-----
Armour         | 1 2 3 4 |  4.0
Spellcasting   | 2 3 5 6 |  6.8
Fighting       | 4 5 6 7 |  7.3
Long Blades    | 4 5 6 7 |  7.2
Dodging        | 2 3 4 |  4.7
Evocations     | 2 3 4 |  4.6
Fire Magic     | |  3.0

Action                   |  1- 3 |  4- 6 |  7- 9 | 10-12 || total
-------------------------+-------+-------+-------+-------++-------
Melee: Falchion          |    95 |    42 |    67 |    42 ||   246
       Punch             |       |     2 |     4 |     1 ||     7
       Scimitar          |       |       |       |     2 ||     2
Throw: Dart              |       |     1 |     3 |       ||     4
       Stone             |       |       |     7 |     1 ||     8
 Cast: Scorch            |       |     8 |   163 |   112 ||   283
Invok: Fiery Armour      |     2 |     1 |     3 |     2 ||     8
       Foxfire Swarm     |       |     2 |       |     1 ||     3
Evoke: Wand              |       |       |       |     6 ||     6
  Use: Scroll            |       |       |     3 |     1 ||     4
       Potion            |       |       |       |     2 ||     2
 Stab: Sleeping          |     1 |       |       |       ||     1
Armor: Robe              |    13 |     2 |       |       ||    15
       Ring mail         |       |     9 |    45 |    55 ||   109
       Plate armour      |       |       |    11 |       ||    11
       Skin              |       |       |       |     2 ||     2
Dodge: Dodged            |    47 |    29 |    94 |   106 ||   276
